 Dungeon Crawl Stone Soup version 0.23-a0-677-g07611c5 (webtiles) character file.

20 Amnesiac the Ruffian (level 2, 0/34 HPs)
             Began as a Draconian Transmuter on Jan 9, 2019.
             Slain by an adder (2 damage)
             ... on level 1 of the Dungeon on Jan 10, 2019.
             The game lasted 00:03:29 (500 turns).

Amnesiac the Ruffian (Draconian Transmuter)          Turns: 500, Time: 00:03:30

Health: 0/34       AC:  4    Str: 17    XL:     2   Next: 58%
Magic:  1/5        EV: 12    Int: 13    God:
Gold:   9          SH:  0    Dex: 11    Spells: 2/5 levels left

rFire    . . .     SeeInvis .     - Unarmed
rCold    . . .     Gourm    .   (no shield)
rNeg     . . .     Faith    .   (armour unavailable)
rPois    .         Spirit   .   (helmet restricted)
rElec    .         Reflect  .   (no cloak)
rCorr    .         Harm     .   (no gloves)
MR       +....                  (no boots)
Stlth    ..........             (no amulet)
HPRegen  0.11/turn              e - ring of protection from magic
MPRegen  0.09/turn              (no ring)

@: berserking, lethally poisoned (0 -> -1), very quick
A: unfitting armour, cold-blooded, AC +4
a: no special abilities


You were on level 1 of the Dungeon.
You were not hungry.

You visited 1 branch of the dungeon, and saw 2 of its levels.

You collected 9 gold pieces.

Inventory:

Missiles
 a - 10 arrows
Armour
 i - a +0 buckler
Jewellery
 e - a ring of protection from magic (left hand)
Scrolls
 d - 2 scrolls of amnesia {!r, unknown}
 f - a scroll of magic mapping {!r, unknown}
 j - 2 scrolls of identify {!r, unknown}
Potions
 h - a potion of haste {!q, unknown}
Comestibles
 b - a chunk of flesh
 c - a ration


   Skills:
 - Level 1.1 Fighting
 - Level 1.7 Dodging
 * Level 3.6 Unarmed Combat
 - Level 2.0 Spellcasting
 + Level 2.4 Transmutations


You had 2 spell levels left.
You knew the following spells:

 Your Spells              Type           Power        Failure   Level  Hunger
a - Beastly Appendage     Tmut           #.....       10%         1    ##.....
b - Sticks to Snakes      Tmut           #.......     14%         2    ###....

Your spell library contained the following spells:

 Spells                   Type           Power        Failure   Level  Hunger
 Spider Form              Tmut/Pois      #.........   43%         3    ####...
 Ice Form                 Ice/Tmut       #.......     83%         4    #####..
 Blade Hands              Tmut           #.........   95%         5    ######.


Dungeon Overview and Level Annotations

Branches:
Dungeon (2/15)

Altars:


Innate Abilities, Weirdness & Mutations

Your plain brown scales are hard. (AC +4)
You cannot fit into any form of body armour.
You are cold-blooded and may be slowed by cold attacks.


Message History

You feel sick. The bat misses you.
There is an open door here.
Casting: Beastly Appendage (safe; 10% risk of failure)
Confirm with . or Enter, or press ? or * to list all spells.
You don't have enough magic to cast that spell.
Your transformation is almost over.
The bat barely misses you.
Casting: Beastly Appendage (safe; 10% risk of failure)
Confirm with . or Enter, or press ? or * to list all spells.
You don't have enough magic to cast that spell.
The bat misses you.
Casting: Beastly Appendage (safe; 10% risk of failure)
Confirm with . or Enter, or press ? or * to list all spells.
You don't have enough magic to cast that spell.
You feel sick. The bat closely misses you. The bat closely misses you.
There is a stone staircase leading up here.
You feel sick. The adder completely misses you.
You climb upwards.
The giant cockroach barely misses you. The giant cockroach bites you.
* * * LOW HITPOINT WARNING * * *
There is a stone staircase leading down here.
Casting: Beastly Appendage (safe; 10% risk of failure)
Confirm with . or Enter, or press ? or * to list all spells.
You create a snake!
You now have 10 arrows.
The giant cockroach bites you.
* * * LOW HITPOINT WARNING * * *
The adder bites you but does no damage.
Your horns disappear.
You feel sick. The adder closely misses you.
The giant cockroach closely misses you.
Found a scroll labeled MOTAOKHLEIN.
You hit the adder.
The adder is moderately wounded.
The adder closely misses you.
The giant cockroach bites you but does no damage.
A ball python comes into view.
The ball python hisses angrily.
The giant cockroach barely misses you. The giant cockroach closely misses you.
You feel sick. The adder closely misses you.
The giant cockroach closely misses you. The adder barely misses you.
You closely miss the adder.
The adder is moderately wounded.
You feel sick. The adder misses you.
Really quaff
g - a smoky orange potion {!q}?
It was a potion of berserk rage {!q}.
A red film seems to cover your vision as you go berserk!
You feel yourself moving faster!
You feel mighty! The adder bites you.
* * * LOW HITPOINT WARNING * * *
You barely miss the adder.
The adder is lightly wounded.
The adder bites you but does no damage.
You barely miss the adder.
The adder is lightly wounded.
The adder bites you.
* * * LOW HITPOINT WARNING * * *
You closely miss the adder.
The adder is lightly wounded.
The giant cockroach waves its antennae.
You miss the adder.
The adder is lightly wounded.
The adder bites you.
You die...

#..##....?.#
...##.##..
#...#......# .### #.
.. #.#.#......# #. ..
#####.#.....S. .. ..
............ #.
..........# #
..........### .#
...........s###.#####
........>.SSS@.......
..........####.######
..........# .#
.........## .#
........## .#
######### .# .# ..


You could see an adder, a giant cockroach, a ball python and a friendly ball
python.

Vanquished Creatures
  An adder zombie (D:2)
  A giant cockroach (D:2)
  5 goblins (D:2)
  3 jackals (D:2)
  A bat (D:1)
  2 frilled lizards (D:1)
  3 rats (D:2)
16 creatures vanquished.

Notes
Turn   | Place    | Note
-------+----------+-------------------------------------------
     0 | D:1      | Amnesiac the Draconian Transmuter began the quest for the
                  | Orb.
     0 | D:1      | Reached XP level 1. HP: 16/16 MP: 3/3
   120 | D:2      | Reached XP level 2. HP: 14/23 MP: 5/5
   263 | D:2      | Learned a level 2 spell: Sticks to Snakes
   500 | D:1      | Slain by an adder

Vault maps used:
D:1:      dpeg_arrival_windows_large_door
D:2:      grunt_ministairs_15, roderic_roman_lattice, minmay_distorted

Action                   || total
-------------------------++-------
Melee: Unarmed           ||    61
       Tailslap          ||     3
       Kick              ||     1
 Cast: Beastly Appendage ||     5
       Sticks to Snakes  ||     2
  Use: Potion            ||     1
 Stab: Sleeping          ||     1
Armor: Skin              ||    16
Dodge: Dodged            ||    58

Table legend:
 A = Non-vault XP
 B = Vault XP
 C = Vault XP percentage of total XP
 D = Non-vault monster count
 E = Vault monster count
 F = Vault count percentage of total count
                 A         B        C        D         E       F
            +---------+---------+-------+---------+---------+-------
      Total |      29 |       0 |   0.0 |      16 |       0 |   0.0
            +---------+---------+-------+---------+---------+-------
        D:1 |       3 |       0 |   0.0 |       3 |       0 |   0.0
        D:2 |      26 |       0 |   0.0 |      13 |       0 |   0.0
            +---------+---------+-------+---------+---------+-------
